 Dungeon Sprint DCSS version 0.21-a0-278-ga722497 (webtiles) character file.

218 potatolord6000 the Chopper (level 5, -2/52 HPs)
             Began as a Hill Orc Fighter on Sept 22, 2017.
             Was a Follower of Beogh.
             Slain by an ogre
             ... wielding a +0 giant club
              (17 damage)
             ... in the Dungeon (Sprint IX: "|||||||||||||||||||||||||||||").
             The game lasted 00:02:37 (453 turns).

potatolord6000 the Chopper (Hill Orc Fighter)        Turns: 453, Time: 00:02:38

Health: -2/52      AC: 12    Str: 26    XL:     5   Next: 95%
Magic:  4/9        EV:  6    Int:  8    God:    Beogh [*.....]
Gold:   0          SH: 11    Dex: 10    Spells: 4/4 levels left

rFire    . . .     SeeInvis .   n - +3 war axe (chop)
rCold    . . .     Gourm    .   c - +0 shield
rNeg     . . .     Faith    .   o - +1 chain mail {rPois}
rPois    +         Spirit   .   a - +0 helmet
rElec    .         Reflect  .   (no cloak)
rCorr    .         Harm     .   (no gloves)
MR       .....     NoTele   +   (no boots)
Stlth    ..........             (no amulet)
HPRegen  0.17/turn              b - +3 ring of strength
MPRegen  0.11/turn              p - +3 ring of strength

@: lethally poisoned (-2 -> -3)
A: no striking features
a: Renounce Religion


You were in the Dungeon.
You worshipped Beogh.
Beogh was aware of your devotion.
You were not hungry.

You visited 1 branch

Inventory:

Hand Weapons
 n - a +3 war axe of chopping (weapon)
Armour
 a - a +0 helmet (worn)
 c - a +0 shield (worn)
 o - a +1 chain mail of poison resistance (worn)
Jewellery
 b - a +3 ring of strength (left hand)
 p - a +3 ring of strength (right hand)
Scrolls
 k - 2 scrolls of blinking
 l - 3 scrolls of remove curse
 m - 2 scrolls of amnesia
Potions
 d - a potion of might
 e - 5 potions of curing
 g - 2 potions of heal wounds
 h - a potion of invisibility
 i - 4 potions of magic
 j - a potion of berserk rage
Comestibles
 f - a bread ration


   Skills:
 + Level 7.4 Fighting
 + Level 7.7 Axes
 + Level 6.7 Armour
 + Level 6.7 Shields
 + Level 5.4 Invocations


You had 4 spell levels left.
You didn't know any spells.

Dungeon Overview and Level Annotations

Branches:
Dungeon (1/1)

Altars:
Cheibriados
Dithmenos
Elyvilon
Fedhas
Gozag
Hepliaklqana
Kikubaaqudgha
Makhleb
Nemelex Xobeh
Okawaru
Qazlal
Ru
Sif Muna
Trog
Uskayaw
Vehumet
Wu Jian
Xom
Yredelemnul
Zin
The Shining One
Beogh
Jiyva
Lugonu


Message History

Your Fighting skill increases to level 7!
Your Invocations skill increases to level 5!
The ogre hits you but does no damage.
Unknown command.
You hit the ogre.
The ogre is lightly wounded.
Unknown command.
You hit the ogre.
The ogre is moderately wounded.
You feel sick. The ogre closely misses you.
Unknown command.
You slash the ogre!
The ogre is severely wounded.
The ogre hits you with a giant club!
* * * LOW HITPOINT WARNING * * *
Unknown command.
You slash the ogre!
The ogre is almost dead.
The ogre hits you with a giant club!
You die...

▓.▓
▓.▓
▓|▓
▓)▓
▓.▓
▓[▓
▓[▓
▓.▓
▓@▓
▓O▓
▓.▓
▓.▓
▓.▓
▓.▓
▓.▓
▓.▓


You could see an ogre.

Vanquished Creatures
  2 bullfrogs (D)
  A killer bee (D)
  A worker ant (D)
  An adder (D)
  An adder skeleton (D)
  An adder zombie (D)
  A worm (D)
  An orc (D)
  A bat skeleton (D)
  A goblin (D)
  3 hobgoblins (D)
  A bat (D)
15 creatures vanquished.

Notes
Turn   | Place    | Note
-------+----------+-------------------------------------------
     0 | D        | potatolord6000 the Hill Orc Fighter began the quest for the Orb.
     0 | D        | Reached XP level 1. HP: 19/19 MP: 1/1
    62 | D        | Noticed a worker ant
    72 | D        | Reached XP level 2. HP: 22/27 MP: 2/2
    85 | D        | Reached skill level 5 in Fighting
    85 | D        | Reached skill level 5 in Axes
    85 | D        | Reached XP level 3. HP: 25/36 MP: 3/3
   100 | D        | Found a roughly hewn altar of Beogh.
   100 | D        | Found a snail-covered altar of Cheibriados.
   100 | D        | Found a shadowy altar of Dithmenos.
   100 | D        | Found a white marble altar of Elyvilon.
   100 | D        | Found a blossoming altar of Fedhas.
   100 | D        | Found an opulent altar of Gozag.
   101 | D        | Found a hazy altar of Hepliaklqana.
   102 | D        | Found a viscous altar of Jiyva.
   103 | D        | Became a worshipper of Beogh the Brigand
   370 | D        | Found an ancient bone altar of Kikubaaqudgha.
   371 | D        | Found a corrupted altar of Lugonu.
   372 | D        | Found a burning altar of Makhleb.
   373 | D        | Found a sparkling altar of Nemelex Xobeh.
   374 | D        | Found an iron altar of Okawaru.
   375 | D        | Found a stormy altar of Qazlal.
   376 | D        | Found a sacrificial altar of Ru.
   377 | D        | Found a deep blue altar of Sif Muna.
   378 | D        | Found a bloodstained altar of Trog.
   379 | D        | Found a hide-covered altar of Uskayaw.
   380 | D        | Found a radiant altar of Vehumet.
   381 | D        | Found an ornate altar of the Wu Jian Council.
   382 | D        | Found a shimmering altar of Xom.
   383 | D        | Found a basalt altar of Yredelemnul.
   384 | D        | Found a glowing silver altar of Zin.
   385 | D        | Found a glowing golden altar of the Shining One.
   435 | D        | Noticed a killer bee
   435 | D        | Noticed a bullfrog
   435 | D        | Noticed a bullfrog
   435 | D        | Noticed an ogre
   440 | D        | Killed a killer bee
   440 | D        | Reached skill level 5 in Armour
   440 | D        | Reached skill level 5 in Shields
   440 | D        | Reached XP level 4. HP: 32/44 MP: 3/6
   443 | D        | Reached * piety under Beogh
   446 | D        | Killed a bullfrog
   446 | D        | Reached XP level 5. HP: 32/51 MP: 3/8
   449 | D        | Reached skill level 5 in Invocations
   453 | D        | Slain by an ogre

Vault maps used:
D:        linesprint

Skill      XL: |  1  2  3  4  5 |
---------------+----------------+-----
Axes           | 3 5 6 7 |  7.7
Fighting       | 4 5 6 7 |  7.4
Shields        | 4 5 6 |  6.7
Armour         | 4 5 6 |  6.7
Invocations    | 2 4 5 |  5.4

Action                   |  1- 3 |  4- 6 || total
-------------------------+-------+-------++-------
Melee: War axe           |    46 |    13 ||    59
  Use: Potion            |     2 |       ||     2
Armor: Scale mail        |    13 |       ||    13
       Chain mail        |     2 |     3 ||     5
Dodge: Dodged            |    12 |     3 ||    15
Block: Shield            |    23 |     6 ||    29

Table legend:
 A = Spawn XP
 B = Non-spawn XP
 C = Spawn XP percentage of total XP
 D = Spawn monster count
 E = Non-spawn monster count
 F = Spawn count percentage of total count
 G = Total turns spent on level
                    A         B        C        D         E        F      G
               +---------+---------+-------+---------+---------+-------+---------
         Total |       0 |     312 |   0.0 |       0 |      15 |   0.0 |   453
               +---------+---------+-------+---------+---------+-------+---------
             D |       0 |     312 |   0.0 |       0 |      15 |   0.0 |   453
               +---------+---------+-------+---------+---------+-------+---------
